 Dungeon Crawl Stone Soup version 0.31-a0-1395-g7c67ea8c80 (webtiles) character file.

Game seed: 3365839394580271604

112219 Ge0ff the Thaumaturge (level 16, -2/108 HPs)
             Began as a Vampire Earth Elementalist on Dec 25, 2023.
             Was a High Priest of Hepliaklqana.
             Slain by a deep elf annihilator
             ... wielding a +0 long sword
              (4 damage)
             ... on level 13 of the Dungeon on Dec 26, 2023.
             The game lasted 01:08:27 (32397 turns).

Ge0ff the Thaumaturge (Vampire Earth Elementalist) Turns: 32397, Time: 01:08:28

Health: -2/108     AC: 18    Str: 11    XL:     16   Next: 11%
Magic:  36/41      EV: 15    Int: 35    God:    Hepliaklqana [*****.]
Gold:   1683       SH:  0    Dex: 16    Spells: 7/38 levels left

rFire   + . .        a - +4 dagger (elec)
rCold   + . .        (no shield)
rNeg    . . .        V - +2 robe {rC+ rF+}
rPois   .            Q - +3 hat of Pondering {ponderous, Will+ MP+10 Int+5}
rElec   .            g - +2 cloak
rCorr   .            U - +2 pair of gloves {hurl}
SInv    +            n - +0 pair of boots
Will    ++...        (no amulet)
Stlth   ++           w - +6 ring of intelligence {=R}
HPRegen 0.58/turn    r - ring of Wudialu {AC+4 Str+4}
MPRegen 0.27/turn

%: no passive effects
@: lethally poisoned (-2 -> -12), healing quickly, slow
A: reduced essence, alive, fangs 3, see invisible, vampiric 2
a: Exsanguinate, Renounce Religion, Recall Ancestor, Ancestor Identity,
Transference, Idealise


You were on level 13 of the Dungeon.
You worshipped Hepliaklqana.
Hepliaklqana was extremely pleased with you.
You visited 4 branches of the dungeon, and saw 21 of its levels.
You visited 1 bazaar.
You also visited: Volcano.

You collected 2783 gold pieces.
You spent 1100 gold pieces at shops.

Inventory:

Hand Weapons
 a - a +4 dagger of electrocution (weapon)
 D - a +0 rapier of chaos
 E - a +0 rapier of electrocution
Missiles
 v - 2 curare-tipped darts {=F}
 G - 5 javelins
 O - 26 boomerangs
Armour
 c - a +2 robe of willpower
 e - a +0 troll leather armour
 g - a +2 cloak (worn)
 n - a +0 pair of boots (worn)
 s - +0 swamp dragon scales
 Q - the +3 hat of Pondering (worn) {ponderous, Will+ MP+10 Int+5}
   (You bought it in a shop in a bazaar)

   Int+5:     It affects your intelligence (+5).
   Will+:     It increases your willpower.
   MP+10:     It affects your magic capacity (+10).
 U - a +2 pair of gloves of hurling (worn)
 V - a +2 robe of resistance (worn)
Magical Staves
 b - a staff of alchemy
Jewellery
 h - a ring of flight
 l - a ring of magical power
 r - the ring of Wudialu (right hand) {AC+4 Str+4}
   (You found it on level 13 of the Dungeon)

   [ring of protection]

   AC+4:      It affects your AC (+4).
   Str+4:     It affects your strength (+4).
 t - a ring of ice
 w - a +6 ring of intelligence (left hand) {=R}
 A - a ring of protection from fire
 Y - an amulet of guardian spirit
 Z - a ring of wizardry
Wands
 d - a wand of digging (15)
 f - a wand of flame (27)
 j - a wand of quicksilver (9)
 k - a wand of iceblast (5)
 p - a wand of paralysis (6)
 P - a wand of polymorph (17)
Scrolls
 i - 2 scrolls of identify
 m - 3 scrolls of revelation
 y - 2 scrolls of immolation
 B - 2 scrolls of blinking
 C - 3 scrolls of poison
 F - 3 scrolls of fog
 S - 2 scrolls of enchant armour
 T - 11 scrolls of teleportation
Potions
 o - 3 potions of ambrosia
 q - 4 potions of curing
 u - 5 potions of mutation {!q}
 z - 5 potions of brilliance
 H - 4 potions of haste {!q}
 I - 3 potions of invisibility
 J - 2 potions of degeneration
 K - 3 potions of magic {!q}
 L - 4 potions of lignification
 M - 5 potions of might
 N - 2 potions of cancellation {!q}
 R - 3 potions of resistance
 W - a potion of heal wounds {!q}
 X - 3 potions of enlightenment


   Skills:
 + Level 9.3 Fighting
 - Level 2.0 Throwing
 - Level 3.0 Armour
 - Level 7.0 Dodging
 - Level 3.0 Stealth
 + Level 11.9 Spellcasting
 - Level 7.0 Conjurations
 - Level 5.0 Hexes
 - Level 10.0 Necromancy
 + Level 9.9 Air Magic
 - Level 10.0 Earth Magic
 - Level 3.0 Alchemy
 - Level 9.0 Invocations
 - Level 7.0 Evocations


You had 7 spell levels left.
You knew the following spells:

 Your Spells              Type           Power      Damage    Failure   Level
f - Mephitic Cloud        Conj/Alch/Air  61%        N/A       1%          3
k - Borgnjor's Vile Clut  Necr/Erth      37%        N/A       1%          5
m - Stone Arrow           Conj/Erth      100%       3d13      1%          3
n - Dispel Undead         Necr           74%        3d25      1%          4
w - Passwall              Alch/Erth      50%        N/A       1%          2
y - Yara's Violent Unrav  Hex/Alch       24%        3d11      11%         5
C - Petrify               Alch/Erth      60%        N/A       1%          4
E - Arcjolt               Conj/Air       34%        1d44      1%          5

Your spell library contained the following spells:

 Spells                   Type           Power      Damage    Failure   Level
 Freeze                   Ice            80%        1d9       1%          1
 Necrotise                Necr           100%       1d9       1%          1
 Sandblast                Erth           100%       2d20      1%          1
 Slow                     Hex            100%       N/A       1%          1
 Cigotuvi's Dreadful Rot  Necr/Alch/Air  100%       N/A       1%          2
 Confusing Touch          Hex            54%        N/A       1%          3
 Dazzling Flash           Conj/Hex       100%       N/A       1%          3
 Hailstorm                Conj/Ice       45%        3d10      1%          3
 Sigil of Binding         Hex            54%        N/A       1%          3
 Tukima's Dance           Hex            54%        N/A       1%          3
 Vampiric Draining        Necr           74%        2d11      1%          3
 Animate Dead             Necr           74%        N/A       1%          4
 Brom's Barrelling Bould  Conj/Erth      69%        2d8       1%          4
 Agony                    Necr           74%        N/A       1%          5
 Animate Armour           Summ/Erth      100%       N/A       2%          4
 Vhi's Electric Charge    Tloc/Air       100%       N/A       2%          4
 Silence                  Hex/Air        32%        N/A       2%          5
 Death Channel            Necr           37%        N/A       5%          6
 Frozen Ramparts          Ice            40%        1d7       6%          3
 Passage of Golubria      Tloc           20%        N/A       21%         4
 Maxwell's Capacitive Co  Air            37%        ∞         93%         8
 Lehudib's Crystal Spear  Conj/Erth      34%        10d9      99%         8


Dungeon Overview and Level Annotations

Branches:
Dungeon (13/15) Zot: 25459  Temple (1/1) D:7 Zot: 5998    Lair (5/5) D:10 Zot: 18994
 Shoals (0/4) Lair:3       Spider (0/4) Lair:3        Slime (0/5) Lair:4
    Orc (2/2) D:9 Zot: 9111     Elf (0/3) Orc:2        Vaults (0/5) D:13
Volcano (visited)

Altars:
Ashenzari
Cheibriados
Dithmenos
Fedhas
Gozag
Hepliaklqana
Kikubaaqudgha
Makhleb
Nemelex Xobeh
Okawaru
Qazlal
Ru
Sif Muna
Trog
Uskayaw
Vehumet
Wu Jian
Xom
Yredelemnul
Jiyva

Shops:
D:9 [(   D:10 *   Orc:2 [!:(

Annotations:
D:10 exclusion: orange crystal statue


Innate Abilities, Weirdness & Mutations

Your life essence is reduced to manifest your ancestor. (-10% HP)
Your natural rate of healing is accelerated.
You have razor-sharp teeth.
You have supernaturally acute eyesight. (SInv)
You are afflicted with vampirism and can become a bat while bloodless.


Message History

As you read the scroll of immolation, it crumbles to dust.
The creatures around you are filled with an inner flame!
The skyshark changes into a snapping turtle!
The deep elf annihilator gestures at you while chanting.
The crystal spear hits you!!!
Ouch! That really hurt!
* * * LOW HITPOINT WARNING * * *
The yaktaur captain closely misses you.
Vampira completely misses the deep elf annihilator.
You feel much better.
The deep elf annihilator points at you and mumbles some strange words.
The poison arrow hits you!!!
You are poisoned.
* * * LOW HITPOINT WARNING * * *
The yaktaur captain closely misses you.
You feel much better.
You feel very sick.
The deep elf pyromancer gestures wildly while chanting.
The deep elf pyromancer blinks!
The yaktaur captain closely misses you.
The deep elf annihilator hits you but does no damage.
Vampira misses the deep elf annihilator.
Casting: Stone Arrow (safe; 1% risk of failure)
Confirm with . or Enter, or press ? or * to list all spells.
Aiming: Borgnjor's Vile Clutch (mildly dangerous; 1% risk of failure)
Press: ? - help, Shift-Dir - straight line, f - deep elf annihilator
Aim: a deep elf annihilator, wielding a +0 long sword (inner flame, ally target, 100% to hit)
Zombie hands grab the deep elf annihilator.
Zombie hands grab the yaktaur captain.
Zombie hands grab the ettin.
Zombie hands grab the troll.
The zombie hands constrict the troll.
Flame seeps out of the troll.
The zombie hands constrict the ettin, but do no damage.
The zombie hands constrict the yaktaur captain.
Flame seeps out of the yaktaur captain.
The zombie hands constrict the deep elf annihilator.
Flame seeps out of the deep elf annihilator.
You feel very sick.
The snapping turtle changes into a water nymph!
The crystal guardian glitters, brittle, in the dim dungeon light.
The troll is engulfed in blazing flames.
Flame seeps out of the troll.
The yaktaur captain is engulfed in blazing flames.
Flame seeps out of the yaktaur captain.
The yaktaur captain hits you from afar with a +1 trident of flaming!
* * * LOW HITPOINT WARNING * * *
The yaktaur captain burns you.
* * * LOW HITPOINT WARNING * * *
The deep elf annihilator is engulfed in blazing flames.
Flame seeps out of the deep elf annihilator.
The deep elf annihilator hits you with a +0 long sword.
You die...

.# #.#### .#
##').## .#
#)...# <#
#..[)## .#
##...#####
.#
####')(.##
## ##.)(..#
#)†)..#
#..[@[##
##..Re##****
#####cDcC.#*
##cCce..#
*9mT.[?#
*R°....#
*.†..[:#
*#....##
*#####


You could see the friendly Vampira the knight (inner flame), a yaktaur captain
(inner flame, clutched), a seven-headed hydra (inner flame), a deep elf
annihilator (inner flame, clutched, ally target), an ettin (inner flame,
clutched), a crystal guardian, 3 centaur warriors, a cyclops, a deep elf
pyromancer (inner flame), a water nymph shaped shifter, a troll (inner flame,
clutched) and an efreet (inner flame).

Vanquished Creatures
  A fire dragon (Lair:5)
  2 hydras
  3 ogre magi (Orc:2)
  4 catoblepae
  2 centaur warriors (D:13)
  2 two-headed ogres
  A boulder beetle (D:13)
  5 death yaks (Lair:3)
  An orc high priest (Orc:1)
  2 tengu warriors (D:13)
  An occultist (D:13)
  A salamander mystic (Volcano)
  The ghost of jotaen the Spear-Bearer, a novice MiFi (D:7)
  A skeletal warrior (D:12)
  Pikel (D:4)
  3 harpies (Lair:3)
  An orc knight (Orc:2)
  A deep elf zephyrmancer (D:13)
  2 ugly things (D:13)
  A necromancer (D:13)
  2 deep elf pyromancers
  7 orc sorcerers
  4 oklob plants
  4 cyclopes
  5 salamanders (Volcano)
  A manticore (D:13)
  A meliai (shapeshifter) (D:13)
  5 elephants (Lair:4)
  A kobold blastminer (Orc:2)
  2 black mambas (Lair:5)
  A torpor snail (Lair:2)
  6 cane toads
  9 komodo dragons
  2 rime drakes
  3 unseen horrors
  A freezing wraith (D:13)
  A tengu conjurer (D:13)
  3 trolls
  17 polar bears
  A queen bee (Lair:2)
  11 blink frogs
  7 dream sheep (Lair:5)
  A jumping spider (Lair:3)
  6 wyverns
  4 slime creatures
  19 yaks
  Sigmund (D:4)
  A shadow (D:12)
  A spriggan (Lair:2)
  7 wraiths
  A human (D:13)
  2 basilisks (Lair:2)
  2 redbacks (Lair:3)
  5 wargs
  7 vampire mosquitoes
  4 steam dragons
  3 acid dragons
  Edmund (D:4)
  7 hell hounds (Lair:5)
  16 water moccasins
  3 ice beasts
  11 orc warriors
  2 sky beasts
  8 black bears
  11 ogres
  4 centaurs
  31 wolves
  A lemure (D:4)
  2 phantoms
  6 bullfrogs
  A gnoll sergeant (D:9)
  5 scorpions
  9 wights
  35 killer bees
  2 electric eels
  5 howler monkeys
  3 hounds
  4 jellies
  A bombardier beetle (D:5)
  14 orc priests
  Crazy Yiuf (D:2)
  A sleepcap (D:7)
  5 iguanas
  Natasha (thrice) (D:2)
  22 orc wizards
  Robin (D:3)
  12 gnolls
  10 adders
  A shadow imp (D:6)
  2 ufetubi (D:6)
  2 worms
  A dart slug (D:2)
  42 orcs
  2 endoplasms
  2 giant cockroaches
  8 hobgoblins
  3 jackals (D:1)
  4 quokkas
  5 ball pythons (D:2)
  6 bats
  2 frilled lizards
  19 goblins
  8 kobolds
  4 rats
542 creatures vanquished.

Vanquished Creatures (collateral kills)
  An ironbound thunderhulk (D:13)
  A red draconian (Volcano)
  A hydra (Lair:3)
  A vault guard (D:13)
  An ogre mage (Orc:2)
  A two-headed ogre (D:10)
  A dancing weapon (D:7)
  A tengu warrior (D:13)
  A hell hog (Lair:5)
  Nergalle (Orc:2)
  4 skeletal warriors (D:12)
  A glowing orange brain (shapeshifter) (D:13)
  A swamp dragon (Lair:5)
  3 deep elf pyromancers
  2 cyclopes (D:13)
  A salamander (Volcano)
  An elephant (Lair:4)
  A black mamba (Lair:4)
  A gargoyle (D:13)
  An efreet (D:13)
  A polar bear (Lair:5)
  2 trolls
  8 blink frogs
  2 raiju (Lair:5)
  A slime creature (Lair:4)
  A shadow (D:9)
  A wyvern (D:8)
  4 yaks
  2 steam dragons
  5 basilisks
  3 wargs
  A vampire mosquito (D:11)
  2 acid dragons (Lair:5)
  8 water moccasins
  8 hell hounds (Lair:5)
  3 orc warriors
  A swamp drake (Lair:5)
  An ogre (Orc:2)
  5 wolves (Lair:5)
  4 black bears (Lair:5)
  A bullfrog (Lair:1)
  A wight (D:7)
  6 killer bees (Lair:2)
  A jelly (Lair:4)
  2 orc priests (Orc:1)
  12 orc wizards
  A gnoll (D:9)
  8 orcs
  A butterfly (Lair:1)
122 creatures vanquished.

Vanquished Creatures (others)
  A black bear (shapeshifter) (D:13)
  A wolf (Lair:5)
  6 knights
8 creatures vanquished.

Grand Total: 672 creatures vanquished

Notes
Turn   | Place    | Note
-------+----------+-------------------------------------------
     0 | D:1      | Ge0ff the Vampire Earth Elementalist began the quest for
                  | the Orb.
     0 | D:1      | Reached XP level 1. HP: 13/13 MP: 3/3
   258 | D:1      | Reached XP level 2. HP: 20/20 MP: 3/5
   569 | D:1      | You fall into a shaft and drop 1 floor!
   596 | D:2      | Reached skill level 1 in Fighting
   658 | D:2      | Noticed Natasha
   985 | D:2      | Gained mutation: You are afflicted with vampirism and can
                  | become a bat while bloodless. [Vampire growth]
   985 | D:2      | Reached XP level 3. HP: 26/26 MP: 4/6
   989 | D:2      | Learned a level 3 spell: Stone Arrow
  1255 | D:2      | Killed Natasha
  1256 | D:2      | Reached skill level 3 in Spellcasting
  1256 | D:2      | Reached XP level 4. HP: 32/32 MP: 4/8
  1264 | D:2      | Learned a level 2 spell: Passwall
  1375 | D:2      | Noticed Natasha
  1383 | D:2      | Killed Natasha
  1472 | D:2      | Noticed Natasha
  1481 | D:2      | Killed Natasha
  1482 | D:2      | Reached skill level 5 in Earth Magic
  1482 | D:2      | Reached XP level 5. HP: 9/37 MP: 3/9
  1675 | D:2      | Found a runed translucent door.
  1676 | D:2      | Noticed Crazy Yiuf
  1950 | D:2      | Learned a level 3 spell: Mephitic Cloud
  1962 | D:2      | Killed Crazy Yiuf
  2113 | D:3      | Noticed Robin
  2115 | D:3      | Killed Robin
  2123 | D:3      | Reached skill level 1 in Air Magic
  2395 | D:3      | Reached XP level 6. HP: 37/43 MP: 2/10
  2487 | D:3      | Reached skill level 1 in Conjurations
  2886 | D:4      | Noticed Sigmund
  2892 | D:4      | Killed Sigmund
  3139 | D:4      | Reached XP level 7. HP: 41/48 MP: 7/11
  3176 | D:4      | Noticed Edmund
  3185 | D:4      | Killed Edmund
  3308 | D:4      | Found a radiant altar of Vehumet.
  3599 | D:4      | Found a hazy altar of Hepliaklqana.
  3626 | D:4      | Became a worshipper of Hepliaklqana the Forgotten
  3859 | D:4      | Found a shimmering blue altar of Sif Muna.
  3919 | D:4      | Noticed Pikel
  3932 | D:4      | Killed Pikel
  3933 | D:4      | Reached XP level 8. HP: 47/56 MP: 0/12
  4332 | D:5      | Entered Level 5 of the Dungeon
  5359 | D:5      | Reached * piety under Hepliaklqana
  5554 | D:6      | Reached XP level 9. HP: 54/54 MP: 9/13
  5821 | D:6      | Reached skill level 5 in Conjurations
  6335 | D:6      | Noticed a two-headed ogre
  6341 | D:6      | Killed a two-headed ogre
  6846 | D:6      | Reached skill level 10 in Earth Magic
  7068 | D:7      | Reached ** piety under Hepliaklqana
  7069 | D:7      | Remembered your ancestor Vampira as a knight
  7156 | D:7      | Reached skill level 1 in Evocations
  7508 | D:7      | Reached XP level 10. HP: 61/61 MP: 12/15
  7657 | D:7      | Found a runed translucent door.
  7657 | D:7      | Found a shimmering altar of Xom.
  7657 | D:7      | Noticed jotaen's ghost (novice MiFi)
  7659 | D:7      | Noticed a +0 rapier of chaos
  7708 | D:7      | Found a staircase to the Ecumenical Temple.
  7722 | Temple   | Entered the Ecumenical Temple
  7818 | D:7      | Learned a level 4 spell: Dispel Undead
  8152 | D:8      | Reached skill level 1 in Necromancy
  8363 | D:8      | Reached skill level 4 in Spellcasting
  9430 | D:9      | Found an iron altar of Okawaru.
  9568 | D:9      | Reached *** piety under Hepliaklqana
  9599 | D:9      | Found a sparkling altar of Nemelex Xobeh.
  9870 | D:9      | Reached skill level 5 in Spellcasting
  9951 | D:9      | Found Vonn's Weapon Shoppe.
  9953 | D:9      | Found a staircase to the Orcish Mines.
  9956 | D:9      | Found Zuafog's Armour Shoppe.
  9965 | D:9      | Bought a +2 pair of gloves of hurling for 236 gold pieces
  9971 | D:9      | Found a blossoming altar of Fedhas.
 10386 | D:9      | Found a broken altar of Ashenzari.
 10605 | D:9      | Reached skill level 5 in Necromancy
 11299 | D:10     | Entered Level 10 of the Dungeon
 11299 | D:10     | Noticed a two-headed ogre
 11302 | D:10     | Killed a two-headed ogre
 11303 | D:10     | Reached skill level 5 in Evocations
 11303 | D:10     | Reached XP level 11. HP: 67/67 MP: 11/18
 11559 | D:10     | Found Vikitufu's CLEARANCE SALE!.
 11718 | D:10     | Found a bloodstained altar of Trog.
 11848 | D:10     | Noticed an oklob plant
 11879 | D:10     | Noticed an oklob plant
 12074 | D:10     | Noticed an orange crystal statue
 12777 | D:10     | Found a staircase to the Lair.
 12864 | D:10     | Learned a level 4 spell: Petrify
 12935 | D:10     | Killed an oklob plant
 13169 | D:10     | Killed an oklob plant
 13585 | D:11     | Reached **** piety under Hepliaklqana
 13682 | D:11     | Reached skill level 6 in Spellcasting
 14167 | Lair:1   | Entered Level 1 of the Lair of Beasts
 14170 | Lair:1   | Reached skill level 7 in Spellcasting
 14369 | Lair:1   | Reached skill level 5 in Fighting
 14500 | Lair:1   | Reached skill level 8 in Spellcasting
 15377 | Lair:1   | Reached skill level 9 in Spellcasting
 15565 | Lair:2   | Reached XP level 12. HP: 77/77 MP: 18/25
 16105 | Lair:2   | Reached skill level 10 in Spellcasting
 16251 | Lair:2   | Reached ***** piety under Hepliaklqana
 16281 | Lair:2   | Noticed a catoblepas
 16285 | Lair:2   | Reached skill level 1 in Invocations
 16289 | Lair:2   | Killed a catoblepas
 16768 | Lair:2   | Reached skill level 5 in Invocations
 16934 | Lair:2   | Learned a level 5 spell: Borgnjor's Vile Clutch
 18051 | D:7      | Reached skill level 5 in Dodging
 18057 | D:7      | Killed jotaen's ghost
 19231 | Lair:3   | Noticed a seven-headed hydra
 19248 | Lair:3   | Killed a seven-headed hydra
 19380 | Lair:3   | Found a staircase to the Shoals.
 19390 | Lair:3   | Reached XP level 13. HP: 50/85 MP: 7/27
 20240 | Lair:3   | Found a hole to the Spider Nest.
 20626 | Lair:4   | Found a dark tunnel.
 20778 | Volcano  | Entered a volcano
 20860 | Volcano  | Reached skill level 10 in Necromancy
 21062 | Volcano  | Noticed a red draconian
 21073 | Volcano  | Killed a red draconian
 21081 | Volcano  | Found a burning altar of Makhleb.
 21227 | Lair:4   | Reached skill level 1 in Throwing
 21341 | Lair:4   | Reached XP level 14. HP: 93/93 MP: 28/28
 21906 | Lair:4   | Found a staircase to the Slime Pits.
 21906 | Lair:4   | Found a viscous altar of Jiyva.
 22573 | Lair:5   | Entered Level 5 of the Lair of Beasts
 22707 | Lair:5   | Learned a level 5 spell: Arcjolt
 23211 | Lair:5   | Reached skill level 5 in Air Magic
 23941 | Lair:5   | Reached XP level 15. HP: 73/99 MP: 2/29
 24656 | Lair:5   | Reached ****** piety under Hepliaklqana
 25225 | Lair:5   | Reached skill level 11 in Spellcasting
 25705 | Lair:5   | Learned a level 5 spell: Yara's Violent Unravelling
 25877 | Orc:1    | Entered Level 1 of the Orcish Mines
 26177 | Orc:2    | Entered Level 2 of the Orcish Mines
 26177 | Orc:2    | Found a staircase to the Elven Halls.
 26203 | Orc:1    | Reached skill level 1 in Hexes
 27567 | Orc:2    | Reached skill level 1 in Armour
 27922 | Orc:2    | Found Sips's Antique Weapon Shop.
 28134 | Orc:2    | Found a radiant altar of Vehumet.
 28283 | Orc:2    | Found Qussuiq's Distillery.
 28296 | Orc:2    | Noticed Nergalle
 28302 | Orc:2    | Killed Nergalle
 28313 | Orc:2    | Found an ancient bone altar of Kikubaaqudgha.
 28433 | Orc:2    | Found Dine's Book Boutique.
 28473 | Orc:2    | Found Moedossiad's Antique Armour Boutique.
 28523 | Orc:2    | Bought a faintly humming leather armour for 140 gold pieces
 28523 | Orc:2    | Identified the +0 leather armour of Lugonu's Reproof {rF+
                  | rC+ Stlth+} (You bought it in a shop on level 2 of the
                  | Orcish Mines)
 30683 | D:13     | Found a flickering gateway to a bazaar.
 30751 | Bazaar   | Entered a bazaar
 30888 | Bazaar   | Found Bydodips's Armour Shoppe.
 30904 | Bazaar   | Found Pooqia's Book Shoppe.
 30920 | Bazaar   | Found Loruc's Antique Weapon Shoppe.
 30920 | Bazaar   | Found Omuryqoe's General Store.
 30963 | Bazaar   | Bought the +3 hat of Pondering {ponderous, Will+ MP+10
                  | Int+5} for 609 gold pieces
 30963 | Bazaar   | Found the +3 hat of Pondering {ponderous, Will+ MP+10
                  | Int+5}
 30963 | Bazaar   | Bought a wand of paralysis (3) for 115 gold pieces
 31410 | D:13     | Reached skill level 5 in Hexes
 31534 | D:13     | Found a gate to the Vaults.
 31805 | D:13     | Found a runed translucent door.
 31899 | D:13     | Found a runed translucent door.
 32118 | D:13     | Reached XP level 16. HP: 104/108 MP: 21/31
 32378 | D:13     | Identified the ring of Wudialu {AC+4 Str+4}
 32397 | D:13     | HP: 5/108 [yaktaur captain/+1 trident of flaming (12)]
 32397 | D:13     | HP: 2/108 [yaktaur captain/+1 trident of flaming (3)]
 32397 | D:13     | Slain by a deep elf annihilator

Illustrated notes

Levels and vault maps discovered:
D:1:      lemuel_arrival_muddy, layout_rooms, chequers_serial_rivers_micro_e
D:2:      layout_rooms, minmay_close_crescents, uniq_crazy_yiuf_cottage,
          uniq_natasha
D:3:      layout_basic, uniq_robin
D:4:      layout_layer_cave, lemuel_tele_altar, fiery_altar_vehumet,
          hellmonk_sif_muna_bookshelves, uniq_pikel, uniq_sigmund, uniq_edmund
D:5:      layout_cave_pods
D:6:      minmay_inner_zag, layout_loops_corners
D:7:      layout_rooms, marbit_many_paths,
          minmay_temple_entry_statues_fountains, ebering_ghost_xom
D:8:      layout_basic, serial_corexii_hall, corexii_hall_statues_t,
          corexii_hall_statues_s, corexii_hall_statues_x,
          corexii_hall_statues_s, fountainhead, chequers_mini_garden
D:9:      layout_basic, nemelex_xobeh_ov_fountains_minmay,
          grunt_temple_overflow_open, mainiacjoe_overflow_six_doors_small,
          orc_david_3, kennysheep_opposing_triangles
D:10:     layout_basic, trog_three_pillars_becter, dpeg_oklobed_lair,
          minivault_16, nicolae_shop_clearance
D:11:     layout_roguey, serial_corexii_hall, corexii_hall_statues_l,
          corexii_hall_statues_i, chequers_hall_statues_y
D:12:     layout_basic
D:13:     minmay_expanding_circles, layout_loops_cross, hellmonk_vaults_keyhole,
          serial_shops, bzr_entry_customers, chequers_arboretum
Temple:   compressed_dpeg_triangle_lava_temple
Lair:1:   layout_gridlike, chequers_serial_rivers_small_b, serial_bayou_shore_a,
          grunt_megastairs_4, lemuel_fruit_fields
Lair:2:   regret_index_harrowing_hell_hive, layout_chaotic_city,
          grunt_forest_stairs_clearing, infiniplex_staircase_pool_2
Lair:3:   layout_gridlike, nicolae_shoals_entry_roost, spider_nest_entry_a,
          infiniplex_staircase_pool
Lair:4:   layout_gridlike, minmay_slime_entry_pillars, basic_altar,
          nicolae_volcano_entry_lava_flow, cheibrodos_lair_lostbears
Lair:5:   hangedman_lair_caniforms_friends, layout_regular_city,
          guppyfry_lair_end_dragon, grunt_forest_small_clearings
Orc:1:    layout_caves
Orc:2:    kennysheep_orc_mage_school, layout_caves, minmay_orc_keep

Skill      XL: |  1  2  3  4  5  6  7  8  9 10 11 12 13 14 15 |
---------------+----------------------------------------------+-----
Fighting       | 1 2 3 5 6 7 8 9 |  9.3
Spellcasting   | 3 5 9 10 11 | 11.9
Earth Magic    | 4 5 7 8 10 | 10.0
Air Magic      | 1 2 3 6 9 |  9.9
Alchemy        | 3 |  3.0
Conjurations   | 1 3 4 6 7 |  7.0
Evocations     | 1 5 7 |  7.0
Dodging        | 3 5 6 7 |  7.0
Necromancy     | 6 7 10 | 10.0
Invocations    | 6 8 9 |  9.0
Throwing       | 1 2 |  2.0
Hexes          | 5 |  5.0
Armour         | 3 |  3.0
Stealth        | |  3.0

Action                     |  1- 3 |  4- 6 |  7- 9 | 10-12 | 13-15 | 16-18 || total
---------------------------+-------+-------+-------+-------+-------+-------++-------
  Melee: Dagger            |    15 |     6 |     7 |    38 |   103 |       ||   169
         Bite              |     2 |     1 |       |     5 |    14 |       ||    22
         Punch             |     1 |       |       |     1 |     5 |       ||     7
         Staff             |       |       |       |       |     1 |       ||     1
  Throw: Stone             |       |       |     3 |       |       |       ||     3
         Dart              |       |       |       |       |     2 |       ||     2
   Cast: Sandblast         |    45 |    89 |    80 |   126 |       |       ||   340
         Mephitic Cloud    |       |     1 |       |       |     1 |       ||     2
         Stone Arrow       |       |       |    39 |   169 |    94 |     5 ||   307
         Petrify           |       |       |       |    13 |       |       ||    13
         Borgnjor's Vile C |       |       |       |    26 |   132 |     3 ||   161
         Dispel Undead     |       |       |       |     2 |       |       ||     2
         Arcjolt           |       |       |       |       |   103 |     1 ||   104
 Invoke: Ancestor Identity |       |       |     2 |       |       |       ||     2
         Ancestor Life: Kn |       |       |     1 |       |       |       ||     1
         Recall Ancestor   |       |       |       |    10 |     5 |       ||    15
         Idealise          |       |       |       |       |     7 |       ||     7
  Evoke: Wand              |       |       |       |    15 |     8 |       ||    23
    Use: Scroll            |       |     3 |     6 |    14 |    18 |     2 ||    43
         Potion            |       |       |     1 |     3 |     5 |     2 ||    11
   Stab: Confused          |       |     1 |       |       |       |       ||     1
         Sleeping          |       |       |     1 |       |     1 |       ||     2
         Petrified         |       |       |       |     9 |     4 |       ||    13
         Distracted        |       |       |       |     1 |       |       ||     1
 Armour: Robe              |    20 |    31 |    27 |   155 |   297 |     8 ||   538
         Skin              |       |       |     1 |    10 |       |       ||    11
  Dodge: Dodged            |    26 |    21 |    26 |   160 |   248 |     4 ||   485

Table legend: (Time is in decaauts)
 A = Elapsed time spent in this place.
 B = Non-inter-level travel time spent in this place.
 C = Inter-level travel time spent in this place.
 D = Time resting spent in this place.
 E = Time spent auto-exploring this place.
 F = Levels seen in this place.
 G = Mean time per level.
                   A        B        C        D        E       F      G
               +--------+--------+--------+--------+--------+-----+--------+
         Total |  32760 |  31146 |   1614 |   2252 |  24619 |  23 | 1424.3 |
       Dungeon |  18164 |  17058 |   1106 |   1413 |  13509 |  13 | 1397.2 |
        Temple |      1 |      1 |      0 |      0 |      0 |   1 |    1.0 |
          Lair |  11005 |  10645 |    360 |    444 |   8705 |   5 | 2201.0 |
  Orcish Mines |   2888 |   2740 |    148 |    307 |   2040 |   2 | 1444.0 |
        Bazaar |    279 |    279 |      0 |      0 |    218 |   1 |  279.0 |
       Volcano |    420 |    420 |      0 |     88 |    146 |   1 |  420.0 |
               +--------+--------+--------+--------+--------+-----+--------+

Top non-repeatable levels by time:
  Lair:2: 3016 daAuts
  Lair:5: 2690 daAuts
     D:9: 2122 daAuts
   Orc:2: 2022 daAuts
  Lair:4: 1959 daAuts
    D:10: 1927 daAuts
     D:8: 1823 daAuts
  Lair:3: 1669 daAuts
  Lair:1: 1668 daAuts
    D:12: 1535 daAuts
    D:13: 1511 daAuts
     D:4: 1473 daAuts
     D:6: 1441 daAuts
     D:5: 1230 daAuts
     D:2: 1143 daAuts
